[Event "Meister gegen Talente NSV-II"]
[Site "Emanuel Lasker Arena"]
[Date "2020.11.07"]
[Round "1.1"]
[White "Johvon"]
[Black "Christiqn"]
[Result "1/2-1/2"]
[WhiteElo "1620"]
[BlackElo "1620"]
[Annotator "NA RC"]
[PlyCount "131"]
[EventDate "2020.11.07"]
[EventType "match (rapid)"]
[TimeControl "900+5"]

1. d4 d5 2. c4 e6 3. Nc3 c6 4. Nf3 dxc4 5. a4 Bb4 6. e3 b5 7. Bd2 a5 8. axb5 Bxc3 9. Bxc3 cxb5 10. b3 Bb7 11. bxc4 b4 12. Bb2 Nf6 13. Bd3 O-O 14. O-O Nbd7 15. Nd2 Qc7 16. e4 e5 17. d5 Nc5 18. Bc2 Rfe8 19. Ra2 Qb6 20. Ba4 Nfd7 21. Bb5 Ba6 22. Bc6 Ra7 23. Qa1 Bb7 24. Bxb7 Nxb7 25. Nb3 f6 26. Bc1 Ndc5 27. Be3 Rea8 28. Ra4 Qc7 29. Qa2 Nxe4 30. Bxa7 Nc3 31. Qa1 Qxc4 32. Nxa5 Qxd5 33. Rxb4 Ne2+ 34. Kh1 Nxa5 35. Rd1 Nd4 36. Bxd4 Nb3 37. Ba7 Nxa1 38. Rxd5 Rxa7 39. Rc5 {[%emt 0:00:18] .} Nc2 40. Rb8+ Kf7 41. g3 Nd4 42. Rcc8 Ne6 43. Rh8 h6 44. Ra8 Rd7 45. Rhb8 Kg6 46. Ra2 h5 47. Kg2 Ng5 48. h4 Ne6 49. Rb6 Kf7 50. Rab2 Rd1 51. Rb7+ Kg6 52. R7b6 Kf7 53. Ra6 Rd7 54. Rba2 Rd1 55. Ra7+ Kg6 56. R2a6 Nd4 57. Re7 Re1 58. Raa7 Nf5 59. Reb7 Re2 60. Kf1 Rc2 61. Rc7 Rb2 62. Kg2 e4 63. Rab7 Ra2 64. Ra7 Rb2 65. Rcb7 Rc2 66. Rc7 {[%emt 0:00:03] Johvon bietet Remis (Lag: Av=0.58s, max=1.3s)} 1/2-1/2